 Dungeon Crawl Stone Soup version 0.29-a0-317-gd16b76e6b1 (webtiles) character file.

Game seed: 15722575633315176113

512 Ajdolov the Ruffian (level 6, -1/62 HPs)
             Began as a Troll Delver on Mar 31, 2022.
             Slain by a gnoll
             ... wielding a +0 flail
              (7 damage)
             ... on level 5 of the Dungeon.
             The game lasted 00:01:43 (550 turns).

Ajdolov the Ruffian (Troll Delver)                   Turns: 550, Time: 00:01:44

Health: -1/62      AC:  4    Str: 23    XL:     6   Next: 99%
Magic:  5/5        EV:  9    Int:  6    God:
Gold:   59         SH:  0    Dex: 11    Spells: 5/5 levels left

rFire   . . .      SeeInvis .     - Unarmed
rCold   . . .      Faith    .   (no shield)
rNeg    . . .      Spirit   .   a - +0 robe
rPois   .          Reflect  .   (helmet restricted)
rElec   .          Harm     .   (no cloak)
rCorr   .          Rampage  .   (gloves unavailable)
Will    .....                   (boots unavailable)
Stlth   ++........              (no amulet)
HPRegen 1.00/turn               (no ring)
MPRegen 0.09/turn               (no ring)

@: no status effects
A: large, unfitting armour, claws 3, regeneration 1, shaggy fur 1, tough skin 1
a: no special abilities


You were on level 5 of the Dungeon.
You visited 1 branch of the dungeon, and saw 1 of its levels.

You collected 59 gold pieces.

Inventory:

Armour
 a - a +0 robe (worn)
Wands
 f - a wand of digging (3)
 g - a wand of iceblast (11)
Scrolls
 b - a scroll of fog
 c - a scroll of magic mapping
 d - a scroll of fear
 h - a scroll of teleportation {unknown}
Potions
 e - a potion of haste
 i - a potion of lignification {unknown}


   Skills:
 + Level 4.3 Fighting
 - Level 1.5 Dodging
 - Level 2.7 Stealth
 * Level 6.3 Unarmed Combat


You had 5 spell levels left.
You didn't know any spells.
Your spell library was empty.

Dungeon Overview and Level Annotations

Branches:
Dungeon (5/15)
 Temple: D:4-7

Altars:


Innate Abilities, Weirdness & Mutations

You are too large for most types of armour.
You have claws for hands.
Your natural rate of healing is unusually fast.
You are covered in fur. (AC +1)
You have tough skin. (AC +1)


Message History

A gnoll comes into view. It is wielding a +0 flail.
The white imp barely misses you.
You scratch the white imp but do no damage.
The gnoll drinks a potion.
The gnoll seems to grow stronger.
The white imp barely misses you.
You scratch the white imp.
The white imp is lightly wounded.
You closely miss the white imp.
The white imp is lightly wounded.
The white imp gestures at you. The puff of frost hits you!
You claw the white imp!
You kill the white imp!
The gnoll barely misses you.
Things that are here:
a hound corpse; a hound corpse You claw the gnoll shaman!
The gnoll shaman is heavily wounded.
The gnoll shaman hits you with a +0 club!
The gnoll hits you from afar with a +0 halberd!
You barely miss the gnoll shaman.
The gnoll shaman is heavily wounded.
The gnoll shaman hits you with a +0 club.
The gnoll hits you from afar with a +0 halberd!
You completely miss the gnoll shaman.
The gnoll shaman is heavily wounded.
The gnoll shaman closely misses you.
The gnoll hits you from afar with a +0 halberd!
* * * LOW HITPOINT WARNING * * *
You claw the gnoll shaman!
You kill the gnoll shaman!
The gnoll barely misses you. The gnoll attacks as you move away!
The gnoll hits you with a +0 flail.
* * * LOW HITPOINT WARNING * * *
Unknown command.
The gnoll attacks as you move away! The gnoll hits you with a +0 flail.
* * * LOW HITPOINT WARNING * * *
You scratch the gnoll but do no damage. Your claw misses the gnoll.
The gnoll hits you with a +0 flail!
You die...

## #........## ####.#.#.#..#
............## .....#.#.#...#
##### ...†.........## ####...## #
.....#.#.#....## ###......>###
...........##..## ##..........#.
...........###..####.........##..
..........## ##.@ggg............#
..........# ##.####............#
.÷)......## ##...#############...
........## ##......### ##).
.......## ##.........# ##.
.......# #.........## # ......##
##.........# .....##
##..........# ######
#...........#


You could see 3 gnolls.

Vanquished Creatures
  2 centaurs (D:5)
  3 scorpions (D:5)
  A jelly (D:5)
  2 hounds (D:5)
  A gnoll shaman (D:5)
  An iguana (D:5)
  3 adders (D:5)
  A white imp (D:5)
  A worm (D:5)
15 creatures vanquished.

Notes
Turn   | Place    | Note
-------+----------+-------------------------------------------
     0 | D:5      | Ajdolov the Troll Delver began the quest for the Orb.
     0 | D:5      | Reached XP level 1. HP: 22/22 MP: 0/0
     8 | D:5      | Noticed a two-headed ogre
    10 | D:5      | Noticed a scorpion
    11 | D:5      | Noticed a hound
    33 | D:5      | Killed a scorpion
    34 | D:5      | Reached skill level 3 in Unarmed Combat
    34 | D:5      | Reached XP level 2. HP: 19/31 MP: 1/1
    34 | D:5      | Reached XP level 3. HP: 23/37 MP: 2/2
    51 | D:5      | Noticed a centaur
    54 | D:5      | Killed a centaur
    55 | D:5      | Reached skill level 4 in Unarmed Combat
    55 | D:5      | Reached XP level 4. HP: 24/45 MP: 3/3
   144 | D:5      | Reached XP level 5. HP: 53/53 MP: 4/4
   182 | D:5      | Noticed a centaur
   191 | D:5      | Killed a centaur
   192 | D:5      | Reached skill level 5 in Unarmed Combat
   423 | D:5      | Reached XP level 6. HP: 60/62 MP: 5/5
   519 | D:5      | Reached skill level 6 in Unarmed Combat
   550 | D:5      | Slain by a gnoll

Illustrated notes

Levels and vault maps discovered:
D:5:      layout_cave_pods, serial_glass, glass_columns_b, glass_columns_a

Skill      XL: |  1  2  3  4  5  6 |
---------------+-------------------+-----
Fighting       | 3 4 |  4.3
Unarmed Combat | 3 4 5 6 |  6.3
Dodging        | |  1.5
Stealth        | |  2.7

Action                   |  1- 3 |  4- 6 || total
-------------------------+-------+-------++-------
Melee: Unarmed           |    10 |    51 ||    61
       Punch             |       |     2 ||     2
 Stab: Sleeping          |       |     2 ||     2
Armor: Robe              |       |    22 ||    22
Dodge: Dodged            |     3 |    40 ||    43

Table legend: (Time is in decaauts)
 A = Elapsed time spent in this place.
 B = Non-inter-level travel time spent in this place.
 C = Inter-level travel time spent in this place.
 D = Time resting spent in this place.
 E = Time spent auto-exploring this place.
 F = Levels seen in this place.
 G = Mean time per level.
                   A        B        C        D        E       F      G
               +--------+--------+--------+--------+--------+-----+--------+
         Total |    544 |    544 |      0 |     15 |    334 |   1 |  544.0 |
       Dungeon |    544 |    544 |      0 |     15 |    334 |   1 |  544.0 |
               +--------+--------+--------+--------+--------+-----+--------+

Top non-repeatable levels by time:
     D:5: 544 daAuts
